 Dungeon Crawl Stone Soup version 0.30-a0-137-gd8773701ce (webtiles) character file.

Game seed: 10340471090411578107

222 jimonade the Skirmisher (level 5, -6/29 HPs)
             Began as a Deep Elf Hunter on Sept 21, 2022.
             Mangled by a wyvern (12 damage)
             ... on level 4 of the Dungeon.
             The game lasted 00:03:37 (3448 turns).

jimonade the Skirmisher (Deep Elf Hunter)           Turns: 3448, Time: 00:03:37

Health: -6/29      AC:  5    Str:  8    XL:     5   Next: 66%
Magic:  7/7        EV: 12    Int: 14    God:
Gold:   115        SH:  0    Dex: 20    Spells: 4/4 levels left

rFire   . . .      SeeInvis .    a - +0 shortbow
rCold   . . .      Faith    .    (shield currently unavailable)
rNeg    . . .      Spirit   .    c - +0 leather armour
rPois   .          Reflect  .    (no helmet)
rElec   .          Harm     .    i - +0 cloak
rCorr   .          Rampage  .    (no gloves)
Will    .....                    n - +0 pair of boots
Stlth   ++........               (no amulet)
HPRegen 0.09/turn                (no ring)
MPRegen 0.10/turn                (no ring)

@: no status effects
A: no striking features
a: no special abilities


You were on level 4 of the Dungeon.
You visited 1 branch of the dungeon, and saw 4 of its levels.

You collected 115 gold pieces.

Inventory:

Hand Weapons
 a - a +0 shortbow (weapon)
 g - a +0 short sword
 q - a +0 sling
Missiles
 j - 5 poisoned darts
Armour
 c - a +0 leather armour (worn)
 e - a +0 ring mail
 i - a +0 cloak (worn)
 n - a +0 pair of boots (worn)
Scrolls
 b - a scroll of immolation
 l - a scroll of enchant weapon {unknown}
 o - a scroll of identify
 t - 3 scrolls of teleportation {unknown}
Potions
 d - a potion of mutation {unknown}
 f - 4 potions of curing
 h - a potion of ambrosia {unknown}
 k - a potion of haste {unknown}
 m - a potion of degeneration {unknown}
 p - a potion of attraction {unknown}
 r - a potion of might {unknown}
 s - a potion of berserk rage {unknown}


   Skills:
 - Level 1.5 Fighting
 + Level 9.2 Ranged Weapons
 - Level 2.4 Dodging
 - Level 1.2 Stealth


You had 4 spell levels left.
You didn't know any spells.
Your spell library contained the following spells:

 Spells                   Type           Power      Damage    Failure   Level
 Magic Dart               Conj           0%         1d3       38%         1
 Necrotise                Necr           0%         1d4       38%         1
 Searing Ray              Conj           0%         2d4       54%         2
 Vampiric Draining        Necr           0%         2d6       77%         3
 Fulminant Prism          Conj/Hex       0%         3d6       99%         4
 Agony                    Necr           0%         N/A       100%        5


Dungeon Overview and Level Annotations

Branches:
Dungeon (4/15)
 Temple: D:4-7

Altars:
Yredelemnul


Message History

You start putting on your armour.
You continue putting on your +0 pair of boots. x4
You finish putting on your +0 pair of boots.
Found a chain mail.
t - 3 scrolls labelled DITAFO EWKAH
There is a stone staircase leading down here.
A wyvern comes into view.
You shoot an arrow. The arrow barely misses the wyvern.
The wyvern hisses angrily.
Fire: a) +0 shortbow
Press: ? - help, Q - select action, (/) - cycle Shift-Dir - straight line, f/p - wyvern
Aim: a wyvern (66% to hit)
Okay, then.
Press: ? - help, v - describe, . - travel
Here: a wyvern The floor.
Fire: a) +0 shortbow
Press: ? - help, Q - select action, (/) - cycle Shift-Dir - straight line, f/p - wyvern
Aim: a wyvern (66% to hit)
You shoot an arrow. The arrow hits the wyvern.
The wyvern is moderately wounded.
Fire: a) +0 shortbow
Press: ? - help, Q - select action, (/) - cycle Shift-Dir - straight line, f/p - wyvern
Aim: a wyvern (moderately wounded, 66% to hit)
You shoot an arrow. The arrow barely misses the wyvern.
The wyvern closely misses you. x2
You shoot an arrow. The arrow hits the wyvern.
The wyvern is moderately wounded.
The wyvern bites you!
Ouch! That really hurt!
You are too injured to fight recklessly!
Fire: a) +0 shortbow
Press: ? - help, Q - select action, (/) - cycle Shift-Dir - straight line, f/p - wyvern
Aim: a wyvern (moderately wounded, 66% to hit)
You shoot an arrow. The arrow hits the wyvern.
The wyvern is heavily wounded.
The wyvern bites you!
* * * LOW HITPOINT WARNING * * *
The wyvern bites you!
You die...

#......[...#
#.........##
#..........#####
##..............
#........######
##...#..##
..####### ####..##
........#######.##
#..l@......##
######....##
####.#####
##.....##
##.......##
#.........##
##..........##
#............##
#.............#


You could see a wyvern.

Vanquished Creatures
  A scorpion (D:4)
  An iguana (D:4)
  5 adders
  3 dart slugs
  A worm (D:2)
  7 orcs (D:3)
  4 bats (D:1)
  8 endoplasms
  3 giant cockroaches
  4 goblins
  8 hobgoblins
  7 jackals
  4 kobolds
  3 quokkas
  7 ball pythons
  A frilled lizard (D:3)
  4 rats
71 creatures vanquished.

Notes
Turn   | Place    | Note
-------+----------+-------------------------------------------
     0 | D:1      | jimonade the Deep Elf Hunter began the quest for the Orb.
     0 | D:1      | Reached XP level 1. HP: 12/12 MP: 3/3
   275 | D:1      | Reached skill level 6 in Ranged Weapons
   275 | D:1      | Reached XP level 2. HP: 16/16 MP: 4/4
   324 | D:1      | Found a faded altar of an unknown god.
   752 | D:1      | Reached XP level 3. HP: 20/20 MP: 5/5
   959 | D:2      | Found a basalt altar of Yredelemnul.
  1076 | D:2      | Reached skill level 7 in Ranged Weapons
  1081 | D:2      | HP: 1/20 [poisoned by an adder]
  1467 | D:2      | Reached XP level 4. HP: 21/25 MP: 6/6
  2422 | D:3      | Reached skill level 8 in Ranged Weapons
  2974 | D:4      | Reached XP level 5. HP: 12/29 MP: 7/7
  3299 | D:4      | Reached skill level 9 in Ranged Weapons
  3442 | D:4      | Noticed a wyvern
  3448 | D:4      | Mangled by a wyvern

Illustrated notes

Levels and vault maps discovered:
D:1:      minmay_arrival_split_and_join, layout_basic,
          hellmonk_ecumenical_altar_arch_garden, minmay_misc_feat_doors
D:2:      layout_basic, basic_altar, minivault_14
D:3:      layout_loops_ring, minmay_misc_feat_cross,
          chequers_serial_rivers_room_a
D:4:      layout_cave_pods, minmay_pentomino_pile

Skill      XL: |  1  2  3  4  5 |
---------------+----------------+-----
Ranged Weapons | 6 7 8 9 |  9.2
Fighting       | |  1.5
Dodging        | |  2.4
Stealth        | |  1.2

Action                   |  1- 3 |  4- 6 || total
-------------------------+-------+-------++-------
 Fire: Shortbow          |    83 |   110 ||   193
  Use: Scroll            |       |     4 ||     4
Armor: Leather armour    |    12 |     5 ||    17
Dodge: Dodged            |    34 |    27 ||    61

Table legend: (Time is in decaauts)
 A = Elapsed time spent in this place.
 B = Non-inter-level travel time spent in this place.
 C = Inter-level travel time spent in this place.
 D = Time resting spent in this place.
 E = Time spent auto-exploring this place.
 F = Levels seen in this place.
 G = Mean time per level.
                   A        B        C        D        E       F      G
               +--------+--------+--------+--------+--------+-----+--------+
         Total |   3484 |   3388 |     96 |    216 |   2755 |   4 |  871.0 |
       Dungeon |   3484 |   3388 |     96 |    216 |   2755 |   4 |  871.0 |
               +--------+--------+--------+--------+--------+-----+--------+

Top non-repeatable levels by time:
     D:3: 1362 daAuts
     D:1: 956 daAuts
     D:2: 897 daAuts
     D:4: 267 daAuts
